 Dungeon Crawl Stone Soup version 0.29-a0-892-g2c4c91d9db (webtiles) character file.

Game seed: 9922247480905684850

11118 pirdx the Covert (level 11, -4/52 HPs)
             Began as a Spriggan Enchanter on July 23, 2022.
             Was a Priest of Dithmenos.
             Slain by a centaur warrior simulacrum (27 damage)
             ... on level 10 of the Dungeon.
             The game lasted 00:21:31 (10432 turns).

pirdx the Covert (Spriggan Enchanter)              Turns: 10432, Time: 00:21:36

Health: -4/52      AC:  7    Str:  7    XL:     11   Next: 45%
Magic:  26/37      EV: 20    Int: 26    God:    Dithmenos [***...]
Gold:   209        SH:  0    Dex: 16    Spells: 20/34 levels left

rFire   . . .      SeeInvis +   l - +4 dagger (elec)
rCold   . . .      Faith    .   (no shield)
rNeg    . . .      Spirit   .   u - +1 steam dragon scales
rPois   .          Reflect  .   (helmet restricted)
rElec   .          Harm     .   f - +0 cloak
rCorr   .          Rampage  .   (gloves unavailable)
Will    +....                   (boots unavailable)
Stlth   ++++++++..              a - amulet of regeneration
HPRegen 0.97/turn               n - +6 ring of intelligence
MPRegen 0.25/turn               p - ring of magical power

@: wreathed by umbra, very quick
A: very small, no large weapons, unfitting armour, see invisible, speed 3,
talons 1, clever 1
a: Renounce Religion, Shadow Step


You were on level 10 of the Dungeon.
You worshipped Dithmenos.
Dithmenos was most pleased with you.
You visited 1 branch of the dungeon, and saw 10 of its levels.

You collected 418 gold pieces.
You spent 209 gold pieces at shops.

Inventory:

Hand Weapons
 i - a +4 dagger of venom
 l - a +4 dagger of electrocution (weapon)
Missiles
 s - a throwing net (quivered)
Armour
 f - a +0 cloak (worn)
 u - +1 steam dragon scales (worn)
Jewellery
 a - an amulet of regeneration (around neck)
 n - a +6 ring of intelligence (left hand)
 p - a ring of magical power (right hand)
 q - a ring of ice
Wands
 y - a wand of light (2)
Scrolls
 b - 4 scrolls of identify
 r - a scroll of fog
 t - 3 scrolls of teleportation
 v - a scroll of blinking
Potions
 c - a potion of invisibility
 d - 6 potions of might
 e - 3 potions of lignification
 g - 4 potions of brilliance
 h - 2 potions of heal wounds
 j - 2 potions of resistance
 k - 5 potions of curing
 m - 3 potions of mutation
 o - 2 potions of magic
 w - a potion of berserk rage
 z - a potion of haste
Miscellaneous
 x - a condenser vane


   Skills:
 + Level 3.3 Fighting
 + Level 4.8 Short Blades
 + Level 6.3 Dodging
 + Level 14.4 Stealth
 + Level 12.1 Spellcasting
 + Level 12.3 Hexes


You had 20 spell levels left.
You knew the following spells:

 Your Spells              Type           Power      Damage    Failure   Level
a - Ensorcelled Hibernat  Hex/Ice        94%        N/A       1%          2
b - Tukima's Dance        Hex            68%        N/A       1%          3
c - Dazzling Flash        Conj/Hex       94%        N/A       1%          3
d - Confusing Touch       Hex            68%        N/A       1%          3
e - Summon Guardian Gole  Hex/Summ       47%        N/A       1%          3

Your spell library contained the following spells:

 Spells                   Type           Power      Damage    Failure   Level
 Beastly Appendage        Tmut           30%        N/A       3%          1
 Summon Small Mammal      Summ           60%        N/A       3%          1
 Wereblood                Tmut           15%        N/A       5%          2
 Summon Mana Viper        Hex/Summ       47%        N/A       9%          5
 Call Canine Familiar     Summ           15%        N/A       11%         3
 Spider Form              Tmut/Pois      15%        N/A       11%         3
 Summon Forest            Summ/Tloc      7%         N/A       71%         5
 Summon Cactus Giant      Summ           7%         N/A       99%         6


Dungeon Overview and Level Annotations

Branches:
Dungeon (10/15)            Temple (0/1) D:6            Lair (0/5) D:9
    Orc: D:9-12

Altars:
Ashenzari
Dithmenos
Qazlal
Trog
Yredelemnul
The Shining One

Shops:
D:5 !


Innate Abilities, Weirdness & Mutations

You are very small and have problems with some larger weapons.
You are too small for most types of armour.
You have supernaturally acute eyesight. (SInv)
You cover ground extremely quickly. (Speed+++)
You have sharp toenails.
Your mind is acute. (Int +4, Str/Dex -1)


Message History

Erica dies!
Dithmenos accepts your kill.
Casting: Confusing Touch (safe; 1% risk of failure)
Confirm with . or Enter, or press ? or * to list all spells.
Your hands begin to glow red.
Your +2 scimitar of flaming hits the wolf!
Your +2 scimitar of flaming burns the wolf.
The wolf dies!
Dithmenos accepts your kill.
The centaur warrior simulacrum misses you. x2
You hit the centaur warrior simulacrum but do no damage.
The centaur warrior simulacrum appears confused.
You claw the centaur warrior simulacrum, but do no damage.
The centaur warrior simulacrum closely misses you.
The centaur warrior simulacrum kicks you but does no damage.
You hit the centaur warrior simulacrum.
You claw the centaur warrior simulacrum, but do no damage.
The centaur warrior simulacrum is lightly damaged.
Your +2 scimitar of flaming falls from the air.
The centaur warrior simulacrum completely misses you.
The centaur warrior simulacrum kicks you but does no damage.
You hit the centaur warrior simulacrum.
The centaur warrior simulacrum is moderately damaged.
The centaur warrior simulacrum misses you.
The centaur warrior simulacrum kicks you but does no damage.
You hit the centaur warrior simulacrum.
You claw the centaur warrior simulacrum, but do no damage.
The centaur warrior simulacrum is heavily damaged.
You hit the centaur warrior simulacrum.
The centaur warrior simulacrum is heavily damaged.
The centaur warrior simulacrum misses you.
The centaur warrior simulacrum kicks you.
The centaur warrior simulacrum freezes you!!
You hit the centaur warrior simulacrum but do no damage.
You claw the centaur warrior simulacrum, but do no damage.
The centaur warrior simulacrum is heavily damaged.
The centaur warrior simulacrum hits you.
The centaur warrior simulacrum freezes you!!
Ouch! That really hurt!
You die...

##.###.##.## #.# #
#......##.# #.#
#.#.#...###.# #.#
#.#.##### #.#
#.### #.#.###
#.####.##.
##.....#
#...##....
#..††..#
###.#####.
#.##.### #.# #< #.
#@# #######.#####.
#
#.Z...............
#.)########.######
#[.# #.# #..# #.#
.... #.. .... ###
.....


You could see a centaur warrior simulacrum (confused).

Vanquished Creatures
  Amaemon (D:9)
  Pikel (D:4)
  An ugly thing (D:9)
  An orange demon (D:9)
  Joseph (D:8)
  Maggie (D:9)
  A troll (D:9)
  Prince Ribbit (D:7)
  2 hornets
  A vampire (D:9)
  A wyvern (D:9)
  A wraith (D:9)
  A basilisk (D:9)
  15 yaks
  3 steam dragons
  Menkaure (D:4)
  5 water moccasins
  An acid dragon (D:10)
  A black bear (D:7)
  2 centaurs
  2 lemures (D:4)
  A necrophage (D:5)
  2 bullfrogs (D:7)
  A gnoll sergeant (D:8)
  3 scorpions
  A jelly (D:8)
  8 killer bees (D:9)
  3 howler monkeys
  A bullfrog zombie (D:4)
  3 hounds (D:6)
  Crazy Yiuf (D:4)
  5 orc priests
  2 gnoll boudas
  7 orc wizards
  Natasha (thrice) (D:2)
  Terence (D:3)
  3 iguanas
  A hound zombie (D:4)
  Robin (D:3)
  11 gnolls
  9 adders
  A shadow imp (D:6)
  3 white imps
  A worm (D:2)
  3 dart slugs
  8 orcs
  8 ball pythons
  5 endoplasms
  3 giant cockroaches
  14 goblins
  11 hobgoblins
  10 jackals
  6 kobolds
  5 quokkas
  4 bats
  8 frilled lizards
  4 rats
205 creatures vanquished.

Vanquished Creatures (collateral kills)
  A two-headed ogre (D:9)
  Erica (D:10)
  Sigmund (D:2)
  An ice beast (D:10)
  A wolf (D:10)
  A kobold brigand (D:9)
  3 wights (D:7)
  An orc priest (D:8)
  Jessica (D:2)
  8 gnolls
  3 orcs
  A ball python (D:2)
  A jackal (D:2)
  A frilled lizard (D:3)
25 creatures vanquished.

Vanquished Creatures (others)
  A shadow (D:7)
  7 dancing weapons
  3 fungi (D:9)
  21 plants
32 creatures vanquished.

Grand Total: 262 creatures vanquished

Notes
Turn   | Place    | Note
-------+----------+-------------------------------------------
     0 | D:1      | pirdx the Spriggan Enchanter began the quest for the Orb.
     0 | D:1      | Reached XP level 1. HP: 9/9 MP: 5/5
    62 | D:1      | Found a faded altar of an unknown god.
   140 | D:1      | Reached XP level 2. HP: 8/13 MP: 7/7
   143 | D:1      | Learned a level 2 spell: Ensorcelled Hibernation
  1038 | D:1      | Reached XP level 3. HP: 8/16 MP: 1/9
  1042 | D:1      | Learned a level 3 spell: Tukima's Dance
  1046 | D:1      | Learned a level 3 spell: Confusing Touch
  1300 | D:2      | Noticed Jessica
  1316 | D:2      | Killed Jessica
  1648 | D:2      | Noticed Sigmund
  1669 | D:2      | Killed Sigmund
  1670 | D:2      | Reached skill level 5 in Spellcasting
  1670 | D:2      | Reached XP level 4. HP: 20/21 MP: 1/12
  1670 | D:2      | Reached XP level 5. HP: 23/24 MP: 1/14
  2225 | D:2      | Noticed Natasha
  2233 | D:2      | Killed Natasha
  2234 | D:2      | Reached XP level 6. HP: 12/28 MP: 15/15
  2415 | D:2      | Noticed Natasha
  2433 | D:2      | Killed Natasha
  2604 | D:2      | Noticed Natasha
  2610 | D:2      | Killed Natasha
  2689 | D:3      | Noticed Terence
  2711 | D:3      | Killed Terence
  2712 | D:3      | Reached skill level 5 in Stealth
  3150 | D:3      | Noticed Robin
  3487 | D:3      | Killed Robin
  4343 | D:4      | Noticed Menkaure
  4703 | D:4      | Found a basalt altar of Yredelemnul.
  4736 | D:4      | Reached skill level 6 in Stealth
  4736 | D:4      | Reached XP level 7. HP: 11/32 MP: 14/17
  4966 | D:4      | You fall into a shaft and drop 1 floor!
  4966 | D:5      | Entered Level 5 of the Dungeon
  4978 | D:5      | Found a shadowy altar of Dithmenos.
  4981 | D:5      | Found Rutiboeb's Distillery.
  4991 | D:5      | Became a worshipper of Dithmenos the Shadowed
  5005 | D:5      | Bought a potion of might for 44 gold pieces
  5005 | D:5      | Bought a potion of heal wounds for 55 gold pieces
  5005 | D:5      | Bought a potion of heal wounds for 55 gold pieces
  5005 | D:5      | Bought a potion of might for 44 gold pieces
  5005 | D:5      | Bought a potion of degeneration for 11 gold pieces
  5466 | D:4      | Found a glowing golden altar of the Shining One.
  5684 | D:4      | Gained mutation: Your mind is acute. (Int +4, Str/Dex -1)
                  | [potion of mutation]
  5684 | D:4      | Gained mutation: You have sharp toenails. [potion of
                  | mutation]
  5705 | D:4      | Reached skill level 7 in Stealth
  5918 | D:4      | Killed Menkaure
  6020 | D:4      | Found a runed translucent door.
  6021 | D:4      | Noticed Crazy Yiuf
  6028 | D:4      | Killed Crazy Yiuf
  6029 | D:4      | Reached XP level 8. HP: 36/36 MP: 20/20
  6113 | D:4      | Noticed Pikel
  6657 | D:4      | Killed Pikel
  6658 | D:4      | Reached skill level 9 in Stealth
  7153 | D:6      | Learned a level 3 spell: Dazzling Flash
  7157 | D:6      | Learned a level 3 spell: Summon Guardian Golem
  7258 | D:6      | Found a staircase to the Ecumenical Temple.
  7319 | D:6      | Reached * piety under Dithmenos
  7320 | D:6      | Reached skill level 10 in Stealth
  7533 | D:6      | Reached XP level 9. HP: 39/39 MP: 23/23
  7942 | D:7      | Reached skill level 11 in Stealth
  7942 | D:7      | Reached skill level 10 in Hexes
  8247 | D:7      | Noticed Prince Ribbit
  8259 | D:7      | Killed Prince Ribbit
  8260 | D:7      | Reached skill level 10 in Spellcasting
  8573 | D:8      | Noticed Joseph
  8676 | D:8      | Killed Joseph
  8677 | D:8      | Reached skill level 12 in Stealth
  8806 | D:8      | Reached XP level 10. HP: 44/44 MP: 25/25
  8927 | D:8      | Reached ** piety under Dithmenos
  9081 | D:8      | Reached skill level 13 in Stealth
  9083 | D:8      | Reached skill level 1 in Fighting
  9157 | D:8      | Found a bloodstained altar of Trog.
  9158 | D:8      | Found a stormy altar of Qazlal.
  9160 | D:8      | Found a broken altar of Ashenzari.
  9353 | D:9      | Noticed a cyan ugly thing
  9362 | D:9      | Killed a cyan ugly thing
  9499 | D:9      | Found a staircase to the Lair.
  9513 | D:9      | Noticed a two-headed ogre
  9691 | D:9      | Reached skill level 5 in Dodging
  9752 | D:9      | Reached XP level 11. HP: 45/51 MP: 27/27
  9800 | D:9      | Noticed Maggie
  9813 | D:9      | Killed Maggie
  9998 | D:9      | Reached *** piety under Dithmenos
 10019 | D:9      | Killed a two-headed ogre
 10020 | D:9      | Reached skill level 14 in Stealth
 10121 | D:9      | Noticed Amaemon
 10129 | D:9      | Killed Amaemon
 10303 | D:10     | Entered Level 10 of the Dungeon
 10335 | D:10     | Paralysed by a hornet for 1 turns
 10405 | D:10     | Noticed Erica
 10424 | D:10     | Killed Erica
 10432 | D:10     | Slain by a centaur warrior simulacrum

Illustrated notes

Levels and vault maps discovered:
D:1:      shiori_arrival_oz, layout_basic, nicolae_ecumenical_snake_handling,
          minmay_pentomino_s4
D:2:      minmay_door_path, layout_rooms, serial_bayou_pond_c, uniq_jessica,
          uniq_sigmund, uniq_natasha
D:3:      minmay_diamond_boxcup, layout_rooms, uniq_terence, uniq_robin
D:4:      layout_rooms, lemuel_zombie_altar_yredelemnul,
          mainiacjoe_overflow_small_starburst, uniq_crazy_yiuf_cottage,
          uniq_pikel, uniq_menkaure
D:5:      layout_loops_ring, nicolae_dithmenos_shadow_blocks, serial_shops, shop
D:6:      layout_rooms, minmay_temple_entry_mist, interstate_on_off,
          minmay_misc_feat_chi, grunt_ministairs_3, lemuel_old_faithful
D:7:      layout_basic, serial_glass, glass_columns_c, glass_columns_a,
          item_on_display_a, item_on_display_a, uniq_prince_ribbit1
D:8:      layout_rooms, grunt_temple_overflow_open, minivault_1, uniq_joseph
D:9:      layout_cave_pools, minmay_lair_entry_grove, uniq_amaemon, uniq_maggie
D:10:     layout_loops_ring, serial_ice, serial_ice_i, serial_ice_m,
          serial_ice_e, serial_ice_d, serial_ice_h, serial_ice_a,
          minmay_orc_keep, uniq_urug, uniq_harold, uniq_erica

Skill      XL: |  1  2  3  4  5  6  7  8  9 10 11 |
---------------+----------------------------------+-----
Spellcasting   | 3 5 6 7 9 10 11 12 | 12.1
Hexes          | 4 6 7 9 11 12 | 12.3
Stealth        | 6 7 10 12 13 14 | 14.4
Dodging        | 5 6 |  6.3
Fighting       | 2 3 |  3.3
Short Blades   | 3 4 |  4.8

Action                   |  1- 3 |  4- 6 |  7- 9 | 10-12 || total
-------------------------+-------+-------+-------+-------++-------
Melee: Dagger            |    90 |   152 |   150 |   139 ||   531
       Punch             |       |     5 |     1 |     5 ||    11
       Kick              |       |       |    41 |    45 ||    86
 Cast: Ensorcelled Hiber |     7 |    10 |    45 |    33 ||    95
       Tukima's Dance    |     3 |       |    23 |    21 ||    47
       Confusing Touch   |     1 |     2 |     3 |     8 ||    14
  Use: Scroll            |     5 |     8 |    15 |     1 ||    29
       Potion            |       |     2 |     6 |       ||     8
 Stab: Sleeping          |     9 |    16 |    43 |    36 ||   104
       Distracted        |       |     2 |       |       ||     2
       Confused          |       |       |     1 |     2 ||     3
Armor: Robe              |    13 |    23 |    12 |       ||    48
       Steam dragon scal |       |       |    15 |    25 ||    40
Dodge: Dodged            |    70 |   112 |   146 |   142 ||   470

Table legend: (Time is in decaauts)
 A = Elapsed time spent in this place.
 B = Non-inter-level travel time spent in this place.
 C = Inter-level travel time spent in this place.
 D = Time resting spent in this place.
 E = Time spent auto-exploring this place.
 F = Levels seen in this place.
 G = Mean time per level.
                   A        B        C        D        E       F      G
               +--------+--------+--------+--------+--------+-----+--------+
         Total |   8321 |   8070 |    251 |   1460 |   5021 |  10 |  832.1 |
       Dungeon |   8321 |   8070 |    251 |   1460 |   5021 |  10 |  832.1 |
               +--------+--------+--------+--------+--------+-----+--------+

Top non-repeatable levels by time:
     D:2: 1390 daAuts
     D:3: 1266 daAuts
     D:5: 1062 daAuts
     D:1: 1037 daAuts
     D:4: 1031 daAuts
     D:8: 728 daAuts
     D:7: 634 daAuts
     D:9: 625 daAuts
     D:6: 441 daAuts
    D:10: 102 daAuts
